 Dungeon Crawl Stone Soup version 0.23.2-30-g0e89c35649 (webtiles) character file.

Game seed: 18006099284468924091

10025 Hivemind the Reanimator (level 11, -1/115 HPs)
             Began as a Demonspawn Necromancer on June 7, 2019.
             Was a Believer of Hepliaklqana.
             Slain by a six-headed hydra (4 damage)
             ... on level 1 of the Lair of Beasts.
             The game lasted 02:14:32 (15356 turns).

Hivemind the Reanimator (Demonspawn Necromancer)   Turns: 15356, Time: 02:14:33

Health: -1/115     AC: 25    Str: 10    XL:     11   Next: 30%
Magic:  21/23      EV:  2    Int: 19    God:    Hepliaklqana [**....]
Gold:   533        SH:  0    Dex: 19    Spells: 12/26 levels left

rFire    . . .     SeeInvis +   o - +2 whip (venom)
rCold    . . .     Gourm    .   (no shield)
rNeg     + + +     Faith    .   (armour currently unavailable)
rPois    +         Spirit   .   (helmet currently unavailable)
rElec    .         Reflect  .   (cloak currently unavailable)
rCorr    .         Harm     .   (gloves currently unavailable)
MR       .....     NoTele   +   (boots currently unavailable)
Stlth    ++........             (no amulet)
HPRegen  0.29/turn              E - ring of poison resistance
MPRegen  0.18/turn              v - ring of see invisible

@: confused, tree-form
A: reduced essence, thin skeletal structure 2, demonic guardian 1, screaming 1,
strong 1, freezing cloud immunity
a: Recall Ancestor, Ancestor Identity, Renounce Religion


You were on level 1 of the Lair of Beasts.
You worshipped Hepliaklqana.
Hepliaklqana was pleased with you.
You were not hungry.
You were a tree.
You visited 3 branches of the dungeon, and saw 13 of its levels.

You collected 617 gold pieces.
You spent 84 gold pieces at shops.

Inventory:

Hand Weapons
 o - a +2 whip of venom (weapon)
Missiles
 d - 424 stones (quivered)
 q - a throwing net
 D - 3 javelins
 H - 4 tomahawks
Armour
 b - a +3 leather armour (melded)
 k - a +0 pair of gloves (melded)
 M - a +0 helmet (melded)
Magical Staves
 t - an uncursed staff of poison
Jewellery
 e - an uncursed amulet of faith
 f - an uncursed ring of flight
 v - a ring of see invisible (right branch)
 A - a +3 amulet of reflection
 E - a ring of poison resistance (left branch)
Wands
 p - a wand of iceblast (24)
 C - a wand of flame (21)
 F - a wand of polymorph (11)
 O - a wand of paralysis (10)
Scrolls
 a - 7 scrolls of identify
 h - 3 scrolls of enchant armour {unknown}
 i - 3 scrolls of remove curse {unknown}
 j - a scroll of fog {unknown}
 l - a scroll of fear {unknown}
 m - 3 scrolls of immolation {unknown}
 n - a scroll of noise {unknown}
 r - a scroll of enchant weapon {unknown}
 s - 3 scrolls of blinking {unknown}
 w - a scroll of vulnerability {unknown}
 y - 2 scrolls of magic mapping
 I - 2 scrolls of teleportation
 J - a scroll of torment {unknown}
 L - a scroll of acquirement {unknown}
Potions
 g - 2 potions of flight
 u - 2 potions of might
 B - a potion of agility
 G - 2 potions of lignification
 K - 3 potions of haste {unknown}
 N - a potion of brilliance {unknown}
 P - a potion of magic {unknown}
 Q - a potion of berserk rage {unknown}
Comestibles
 c - 22 rations
 z - 2 chunks of flesh


   Skills:
 + Level 8.0 Fighting
 + Level 6.8 Maces & Flails
 - Level 2.3 Armour
 + Level 5.4 Dodging
 - Level 1.7 Stealth
 + Level 8.4 Spellcasting
 + Level 10.3 Necromancy
 - Level 2.0 Translocations


You had 12 spell levels left.
You knew the following spells:

 Your Spells              Type           Power        Failure   Level  Hunger
a - Pain                  Necr           ####         1%          1    None
b - Animate Skeleton      Necr           N/A          1%          1    None
c - Vampiric Draining     Necr           #####.....   1%          3    None
d - Blink                 Tloc           N/A          6%          2    None
e - Animate Dead          Necr           N/A          1%          4    ###....
f - Regeneration          Chrm/Necr      ####......   3%          3    None

Your spell library contained the following spells:

 Spells                   Type           Power        Failure   Level  Hunger
 Magic Dart               Conj           #...         9%          1    None
 Summon Small Mammal      Summ           #...         9%          1    None
 Call Imp                 Summ           #.......     13%         2    None
 Searing Ray              Conj           #.....       13%         2    None
 Slow                     Hex            #.......     13%         2    None
 Call Canine Familiar     Summ           #.......     26%         3    None
 Conjure Flame            Conj/Fire      #.......     26%         3    None
 Dazzling Spray           Conj/Hex       #.....       26%         3    None
 Mephitic Cloud           Conj/Pois/Air  #.......     26%         3    None
 Summon Guardian Golem    Hex/Summ       #.......     26%         3    None
 Force Lance              Conj/Tloc      ##......     50%         4    ###....
 Fulminant Prism          Conj/Hex       #.........   65%         4    ###....
 Iskenderun's Mystic Bla  Conj           #.......     65%         4    ###....
 Summon Ice Beast         Ice/Summ       #.......     65%         4    ###....
 Summon Lightning Spire   Summ/Air       #.......     65%         4    ###....


Dungeon Overview and Level Annotations

Branches:
Dungeon (11/15)            Temple (1/1) D:6            Lair (1/6) D:9
    Orc: D:9-12

Altars:
Ashenzari
Cheibriados
Dithmenos
Elyvilon
Fedhas
Gozag
Hepliaklqana
Kikubaaqudgha
Makhleb
Nemelex Xobeh
Okawaru
Qazlal
Ru
Sif Muna
Trog
Uskayaw
Vehumet
Wu Jian
Xom
Yredelemnul
Zin
The Shining One

Shops:
D:8 [   D:9 *   D:10 [*?

Annotations:
D:2 Terence
D:3 exclusion: ogre
D:7 1 runed translucent door, vierth's ghost, novice MiBe
D:10 exclusion: 2 unseen horrors
D:11 exclusion: ugly thing


Innate Abilities, Weirdness & Mutations

((You have hoof-like feet.))
You have a moderately thin skeletal structure. (Dex +4, Stealth+)
((Your flesh is cold resistant. (rC+)))
A weak demonic guardian rushes to your aid.
You are immune to freezing clouds.
Your life essence is reduced to manifest your ancestor. (-10% HP)
((Your system is resistant to poisons. (rPois)))
You occasionally shout uncontrollably at your foes.
Your muscles are strong. (Str +2)


Message History

* * * LOW HITPOINT WARNING * * *
The six-headed hydra bites you but does no damage. x4
The six-headed hydra bites you.
* * * LOW HITPOINT WARNING * * *
The dream sheep bites you but does no damage.
Your bat skeleton hits the dream sheep but does no damage.
Your bat skeleton barely misses the dream sheep.
Your quasit bites the dream sheep.
Your quasit closely misses the dream sheep.
Your quasit barely misses the dream sheep.
Your bat skeleton hits the dream sheep but does no damage.
The six-headed hydra bites you but does no damage.
The six-headed hydra bites you!
* * * LOW HITPOINT WARNING * * *
The six-headed hydra bites you but does no damage.
The six-headed hydra bites you.
* * * LOW HITPOINT WARNING * * *
The six-headed hydra bites you but does no damage.
The six-headed hydra bites you.
You die...

####P....P###
##...........#
##............##
##..............#
#P....†..........
##..............$#
#........R.......#
##........Z5.....#
#.........Y♣....##
#.........D.....# ###
##.................
.P####...........!.#..##
........#..........# ..#
......####........## .#
......# ####....## .
..>..#.# ###.## .....###
##


You could see the friendly Tochtli the hexer, a six-headed hydra, a dream sheep,
a friendly quasit and a friendly bat skeleton.

Vanquished Creatures
  2 spiny frogs (Lair:1)
  A troll (D:10)
  A hippogriff (Lair:1)
  Sigmund (D:5)
  A spriggan (D:7)
  12 yaks
  A basilisk (Lair:1)
  A water moccasin (Lair:1)
  2 ice beasts
  An orc warrior (D:10)
  An ogre (D:9)
  A necrophage (D:5)
  5 centaurs
  A crocodile (Lair:1)
  A big kobold (D:9)
  2 gnoll sergeants
  5 bullfrogs
  4 scorpions
  23 killer bees
  A howler monkey (D:5)
  2 vampire bats (Lair:1)
  A centaur zombie (D:8)
  4 crimson imps
  2 hounds
  A jelly (D:5)
  5 orc priests
  5 orc wizards
  Jessica (D:3)
  2 worker ants
  A killer bee zombie (D:5)
  8 gnolls
  A howler monkey skeleton (D:10)
  7 adders
  2 adder zombies
  An ooze (D:3)
  3 worms
  3 leopard geckos
  31 orcs
  3 giant cockroaches
  6 goblins
  3 hobgoblins (D:1)
  5 jackals
  3 quokkas
  14 bats
  3 frilled lizards
  8 kobolds
  A leopard gecko zombie (D:5)
  7 rats
200 creatures vanquished.

Vanquished Creatures (collateral kills)
  4 dream sheep (Lair:1)
  2 hippogriffs (Lair:1)
  3 yaks
  Eustachio (D:5)
  A hungry ghost (D:7)
  A water moccasin (Lair:1)
  3 porcupines (D:9)
  An orc warrior (D:8)
  A necrophage (D:5)
  2 sky beasts
  2 ogres
  A centaur (D:9)
  A big kobold (D:8)
  3 crocodiles
  3 bullfrogs
  A gnoll sergeant (D:10)
  A scorpion (D:8)
  A wyvern skeleton (D:9)
  A killer bee (D:7)
  5 howler monkeys
  2 crimson imps
  3 bullfrog zombies
  3 hounds
  An orc wizard (D:10)
  5 orc priests
  2 centaur skeletons (D:9)
  2 iguanas
  A worker ant (D:6)
  A hound zombie (D:7)
  A worker ant zombie (D:8)
  6 gnolls
  A shadow imp (D:7)
  A worm (D:9)
  3 orcs
  A giant cockroach (D:6)
  A hobgoblin (D:10)
  5 kobolds
  A rat (D:1)
  3 fungi
  A plant (Lair:1)
82 creatures vanquished.

Vanquished Creatures (others)
  7 hexers
  6 ancestors
  A bush (D:9)
  A fungus (D:9)
  6 plants (D:9)
21 creatures vanquished.

Grand Total: 303 creatures vanquished

Notes
Turn   | Place    | Note
-------+----------+-------------------------------------------
     0 | D:1      | Hivemind the Demonspawn Necromancer began the quest for the
                  | Orb.
     0 | D:1      | Reached XP level 1. HP: 13/13 MP: 3/3
    94 | D:1      | Learned a level 1 spell: Animate Skeleton
   334 | D:1      | Gained mutation: You have large cloven feet. [demonic
                  | ancestry]
   334 | D:1      | Reached XP level 2. HP: 19/19 MP: 3/5
   901 | D:2      | Reached skill level 5 in Necromancy
  1266 | D:2      | Noticed Terence
  1429 | D:3      | Noticed an ogre
  1782 | D:3      | Noticed Jessica
  1815 | D:3      | Reached XP level 3. HP: 19/24 MP: 2/6
  2068 | D:2      | Learned a level 3 spell: Vampiric Draining
  2334 | D:3      | Killed Jessica
  2334 | D:3      | Gained mutation: You have a somewhat thin skeletal
                  | structure. (Dex +2, Stealth) [demonic ancestry]
  2334 | D:3      | Reached XP level 4. HP: 28/31 MP: 3/8
  2822 | D:3      | Reached skill level 1 in Fighting
  3100 | D:3      | Gained mutation: A weak demonic guardian rushes to your
                  | aid. [demonic ancestry]
  3100 | D:3      | Reached XP level 5. HP: 33/37 MP: 4/10
  3383 | D:4      | Found an ornate altar of the Wu Jian Council.
  3682 | D:4      | Found a burning altar of Makhleb.
  3767 | D:4      | Reached skill level 1 in Armour
  3828 | D:4      | Found an ancient bone altar of Kikubaaqudgha.
  3960 | D:4      | Gained mutation: Scrolls take you a little longer to read.
                  | [potion of mutation]
  3960 | D:4      | Gained mutation: Your mind is acute. (Int +2) [potion of
                  | mutation]
  3960 | D:4      | Gained mutation: Your muscles are strong. (Str +2) [potion
                  | of mutation]
  4234 | D:5      | Entered Level 5 of the Dungeon
  4295 | D:5      | Noticed Sigmund
  4299 | D:4      | Reached skill level 6 in Necromancy
  4458 | D:5      | Noticed a necrophage
  4526 | D:5      | Gained mutation: You have a moderately thin skeletal
                  | structure. (Dex +4, Stealth+) [demonic ancestry]
  4526 | D:5      | Reached XP level 6. HP: 34/43 MP: 10/12
  4830 | D:5      | Noticed Eustachio
  4841 | D:5      | Killed Eustachio
  4921 | D:5      | Gained mutation: You have hoof-like feet. [demonic
                  | ancestry]
  4921 | D:5      | Reached XP level 7. HP: 48/49 MP: 10/13
  5143 | D:5      | Reached skill level 1 in Maces & Flails
  5157 | D:5      | Killed Sigmund
  5157 | D:5      | Reached skill level 7 in Necromancy
  5178 | D:5      | Learned a level 2 spell: Blink
  5688 | D:6      | Reached skill level 5 in Spellcasting
  5721 | D:6      | Reached skill level 1 in Translocations
  5722 | D:6      | Found a white marble altar of Elyvilon.
  5739 | D:6      | Found a basalt altar of Yredelemnul.
  5740 | D:6      | Found a sparkling altar of Nemelex Xobeh.
  5763 | D:6      | Gained mutation: Your flesh is cold resistant. (rC+)
                  | [demonic ancestry]
  5763 | D:6      | Reached XP level 8. HP: 53/57 MP: 9/15
  5869 | D:6      | Found a staircase to the Ecumenical Temple.
  5883 | D:6      | Learned a level 4 spell: Animate Dead
  5887 | D:6      | Learned a level 3 spell: Regeneration
  5929 | Temple   | Entered the Ecumenical Temple
  6149 | Temple   | Became a worshipper of Hepliaklqana the Forgotten
  6573 | D:6      | Lost mutation: Your mind is acute. (Int +2) [potion of
                  | mutation]
  6573 | D:6      | Lost mutation: Scrolls take you a little longer to read.
                  | [potion of mutation]
  6573 | D:6      | Gained mutation: Your spells are a little harder to cast,
                  | but a little more powerful. [potion of mutation]
  6573 | D:6      | Lost mutation: Your spells are a little harder to cast, but
                  | a little more powerful. [potion of mutation]
  6573 | D:6      | Gained mutation: You occasionally shout uncontrollably at
                  | your foes. [potion of mutation]
  6573 | D:6      | Gained mutation: Your system is resistant to poisons.
                  | (rPois) [potion of mutation]
  6925 | D:7      | Found a runed translucent door.
  6925 | D:7      | Noticed vierth's ghost (novice MiBe)
  7888 | D:7      | Reached XP level 9. HP: 50/59 MP: 12/18
  7966 | D:7      | Reached skill level 8 in Necromancy
  8054 | D:7      | Reached * piety under Hepliaklqana
  8082 | D:7      | Reached skill level 5 in Fighting
  8705 | D:8      | Found Saxt's Antique Armour Shop.
  8842 | D:8      | Found a deep blue altar of Sif Muna.
  9505 | D:8      | Found a blossoming altar of Fedhas.
  9749 | D:9      | Found a staircase to the Lair.
  9843 | D:9      | Reached skill level 5 in Maces & Flails
  9959 | D:9      | You fall through a shaft for 2 floors!
  9960 | D:11     | Reached ** piety under Hepliaklqana
  9964 | D:11     | Remembered your ancestor Tochtli as a hexer
  9994 | D:10     | Entered Level 10 of the Dungeon
 10250 | D:10     | Noticed an unseen horror
 10321 | D:10     | Reached skill level 9 in Necromancy
 10417 | D:10     | Found Eheod's Magic Scroll Boutique.
 10636 | D:10     | Found Huub's General Store.
 10638 | D:10     | Bought a scroll of teleportation for 39 gold pieces
 10638 | D:10     | Bought a scroll of magic mapping for 45 gold pieces
 10647 | D:10     | Noticed an unseen horror
 10732 | D:10     | Noticed a troll
 10817 | D:11     | Reached XP level 10. HP: 68/68 MP: 16/20
 10836 | D:11     | Noticed a cyan ugly thing
 12397 | D:9      | Found an opulent altar of Gozag.
 12456 | D:9      | Found a burning altar of Makhleb.
 12681 | D:9      | Found Zonta's General Store.
 12727 | D:9      | Noticed a moth of wrath
 12729 | D:9      | Found a bloodstained altar of Trog.
 12832 | Lair:1   | Entered Level 1 of the Lair of Beasts
 12834 | Lair:1   | Noticed a spiny frog
 12973 | D:10     | Found Siopalo's Armour Shoppe.
 13946 | D:10     | Reached skill level 10 in Necromancy
 14110 | D:9      | Gained mutation: You are immune to freezing clouds.
                  | [demonic ancestry]
 14110 | D:9      | Reached XP level 11. HP: 68/75 MP: 23/23
 14180 | Lair:1   | Reached skill level 5 in Dodging
 15328 | Lair:1   | Noticed a six-headed hydra
 15356 | Lair:1   | HP: 3/115 [six-headed hydra (6)]
 15356 | Lair:1   | Slain by a six-headed hydra

Skill      XL: |  1  2  3  4  5  6  7  8  9 10 11 |
---------------+----------------------------------+-----
Necromancy     | 5 6 7 9 10 | 10.3
Spellcasting   | 3 4 5 6 7 8 |  8.4
Fighting       | 1 2 3 4 6 7 8 |  8.0
Armour         | 1 2 |  2.3
Maces & Flails | 2 3 5 6 |  6.8
Translocations | 1 2 |  2.0
Dodging        | 3 4 5 |  5.4
Stealth        | |  1.7

Action                   |  1- 3 |  4- 6 |  7- 9 | 10-12 || total
-------------------------+-------+-------+-------+-------++-------
Melee: Whip              |     4 |    36 |   121 |   248 ||   409
       Kick              |       |     5 |    36 |    80 ||   121
 Cast: Pain              |    65 |    91 |   205 |    92 ||   453
       Animate Skeleton  |    13 |    13 |    29 |    24 ||    79
       Animate Dead      |       |       |     6 |     3 ||     9
       Blink             |       |       |       |    11 ||    11
Invok: Recall Ancestor   |       |       |     3 |     1 ||     4
       Ancestor Identity |       |       |     1 |       ||     1
       Ancestor Life: He |       |       |     1 |       ||     1
 Abil: Evoke Flight      |       |     1 |       |       ||     1
  Use: Scroll            |       |     3 |     6 |       ||     9
       Potion            |       |     1 |     4 |     3 ||     8
 Stab: Sleeping          |       |       |     4 |       ||     4
       Confused          |       |       |     2 |     8 ||    10
       Distracted        |       |       |       |     1 ||     1
  Eat: Chunk             |     2 |     5 |    11 |     8 ||    26
       Ration            |     1 |     1 |     2 |     2 ||     6
Armor: Leather armour    |    12 |    21 |    37 |    48 ||   118
       Skin              |       |       |       |    39 ||    39
Dodge: Dodged            |    12 |    52 |   106 |   171 ||   341
